[ AOE2 MATCH · #505028126 ]
UnrankedMapuche vs Tupi
Player's team · LOSS
Rival team · WIN
[ REPLAY ANALYSIS · EXTRACTED FROM THE RECORDED GAME ]
Feudal
—
Castle
—
Imperial
—
| APM avg | 77.9 |
| APM peak | 97 |
| eAPM avg | 33.0 |
| Villagers / military | 30 / 0 |
Focus
⚔️ 54.3% · 🌾 45.7%
Unknown (2550) ×6
Feudal
11:30
Castle
—
Imperial
—
| APM avg | 89.8 |
| APM peak | 129 |
| eAPM avg | 44.5 |
| Villagers / military | 38 / 0 |
Focus
⚔️ 52.5% · 🌾 47.5%
Unknown (2550) ×14
Match map
Initial resources + every placement click. Lines = walls · curves = elevation contours. ◆ gold · ⬟ stone · ● berries · ✦ relic · ◌ wall gap
Your base· Open — unwalled flank
SVTT | Альпинист's base· Open — unwalled flank
Smoothed initial terrain · ◌ = detected wall gap · hover for details
Inputs per minute
— Brauer - - SVTT | Альпинист
Build order — Brauer
61 actions detected in the replay
| 0:01 | Queue | Villager (Male) |
| 0:01 | Queue | Villager (Male) |
| 0:02 | Build | House |
| 0:03 | Build | House |
| 0:04 | Queue | Villager (Male) |
| 0:09 | Queue | Villager (Male) |
| 1:31 | Queue | Villager (Male) |
| 1:54 | Build | Settlement |
| 2:05 | Queue | Villager (Male) |
| 2:16 | Queue | Villager (Male) |
| 2:43 | Queue | Villager (Male) |
| 2:59 | Queue | Villager (Male) |
| 3:34 | Queue | Villager (Male) |
| 3:59 | Build | Palisade Wall |
| 4:01 | Build | Palisade Wall |
| 4:04 | Research | Loom |
| 4:07 | Build | Palisade Wall |
| 4:10 | Queue | Villager (Male) |
| 4:47 | Queue | Villager (Male) |
| 5:17 | Queue | Villager (Male) |
| 5:31 | Build | Barracks |
| 5:45 | Queue | Villager (Male) |
| 6:15 | Queue | Villager (Male) |
| 6:19 | Build | House |
| 6:25 | Queue | Unit 2550 |
| 6:28 | Queue | Villager (Male) |
| 6:50 | Build | House |
| 6:50 | Build | Palisade Wall |
| 6:53 | Queue | Unit 2550 |
| 6:55 | Queue | Villager (Male) |
| 7:11 | Build | Settlement |
| 7:24 | Queue | Villager (Male) |
| 7:32 | Build | House |
| 7:41 | Build | Farm |
| 7:42 | Build | Farm |
| 7:58 | Queue | Villager (Male) |
| 8:30 | Build | Farm |
| 8:34 | Queue | Villager (Male) |
| 8:44 | Queue | Unit 2550 |
| 9:00 | Build | Palisade Wall |
| 9:04 | Build | Farm |
| 9:06 | Build | Farm |
| 9:07 | Queue | Villager (Male) |
| 9:16 | Queue | Villager (Male) |
| 9:29 | Queue | Villager (Male) |
| 9:41 | Queue | Villager (Male) |
| 9:48 | Build | Settlement |
| 9:59 | Queue | Villager (Male) |
| 10:11 | Queue | Villager (Male) |
| 10:17 | Build | Farm |
| 10:49 | Queue | Villager (Male) |
| 10:54 | Queue | Unit 2550 |
| 10:56 | Queue | Villager (Male) |
| 10:58 | Build | Farm |
| 11:04 | Build | Farm |
| 11:09 | Queue | Villager (Male) |
| 11:26 | Build | Farm |
| 11:47 | Queue | Unit 2550 |
| 11:48 | Queue | Villager (Male) |
| 11:58 | Build | Farm |
| 12:28 | Queue | Unit 2550 |
Build order — SVTT | Альпинист
69 actions detected in the replay
| 0:00 | Queue | Villager (Male) |
| 0:01 | Queue | Villager (Male) |
| 0:02 | Build | House |
| 0:02 | Queue | Villager (Male) |
| 0:03 | Build | House |
| 0:06 | Queue | Villager (Male) |
| 0:34 | Build | Barracks |
| 1:02 | Queue | Villager (Male) |
| 1:33 | Research | Loom |
| 1:35 | Queue | Unit 2550 |
| 1:35 | Queue | Unit 2550 |
| 2:09 | Queue | Unit 2550 |
| 2:30 | Queue | Villager (Male) |
| 2:51 | Queue | Villager (Male) |
| 2:51 | Queue | Villager (Male) |
| 3:12 | Queue | Villager (Male) |
| 3:17 | Build | House |
| 3:37 | Queue | Villager (Male) |
| 3:38 | Queue | Villager (Male) |
| 4:19 | Queue | Villager (Male) |
| 4:19 | Queue | Villager (Male) |
| 4:26 | Queue | Unit 2550 |
| 4:31 | Queue | Villager (Male) |
| 4:48 | Build | House |
| 4:48 | Queue | Villager (Male) |
| 4:49 | Queue | Villager (Male) |
| 5:05 | Queue | Villager (Male) |
| 5:05 | Queue | Villager (Male) |
| 5:05 | Queue | Villager (Male) |
| 5:14 | Queue | Villager (Male) |
| 5:46 | Build | Outpost |
| 6:01 | Queue | Villager (Male) |
| 6:01 | Queue | Villager (Male) |
| 6:07 | Queue | Villager (Male) |
| 6:07 | Queue | Villager (Male) |
| 6:23 | Queue | Villager (Male) |
| 6:51 | Queue | Villager (Male) |
| 6:51 | Queue | Villager (Male) |
| 6:51 | Queue | Villager (Male) |
| 6:52 | Queue | Villager (Male) |
| 6:52 | Queue | Villager (Male) |
| 6:52 | Queue | Villager (Male) |
| 6:52 | Queue | Villager (Male) |
| 7:05 | Build | Settlement |
| 7:23 | Queue | Villager (Male) |
| 7:24 | Queue | Villager (Male) |
| 7:24 | Queue | Villager (Male) |
| 9:05 | Build | Settlement |
| 9:20 | Research | Feudal Age |
| 9:37 | Build | Settlement |
| 10:04 | Queue | Unit 2550 |
| 10:22 | Queue | Unit 2550 |
| 10:22 | Queue | Unit 2550 |
| 10:44 | Queue | Unit 2550 |
| 10:44 | Queue | Unit 2550 |
| 10:45 | Queue | Unit 2550 |
| 11:30 | Age | Feudal Age |
| 11:37 | Build | Watch Tower |
| 11:45 | Research | Tech 1402 |
| 11:45 | Research | Tech 1402 |
| 11:47 | Queue | Villager (Male) |
| 11:48 | Queue | Unit 2550 |
| 11:50 | Research | Double-Bit Axe |
| 11:57 | Build | Watch Tower |
| 12:17 | Queue | Unit 2550 |
| 12:17 | Queue | Unit 2550 |
| 12:26 | Queue | Villager (Male) |
| 12:26 | Queue | Villager (Male) |
| 12:51 | Queue | Unit 2550 |
Match timeline
| 0:34 | SVTT | Альпинист · first_building Barracks |
| 3:59 | Brauer · wall_segment Palisade Wall x1 |
| 4:01 | Brauer · wall_segment Palisade Wall x1 |
| 4:07 | Brauer · wall_segment Palisade Wall x1 |
| 5:31 | Brauer · first_building Barracks |
| 6:50 | Brauer · wall_segment Palisade Wall x1 |
| 9:00 | Brauer · wall_segment Palisade Wall x1 |
| 11:30 | SVTT | Альпинист · age_up feudal |
| 12:51 | Brauer · resign |
[ AI ANALYSIS · 1 CREDIT ]
What really happened in this match?
Wolo.gg analyzes every decision: build order, eco, micro, common mistakes by bracket. Personalized analysis on WhatsApp or Discord in 30 seconds.
Civ guide
Mapuche
Perfil
Brauer